 Dungeon Crawl Stone Soup version 0.26.1-11-gd32895ea62 (webtiles) character file.

Game seed: 4686015192359021317

8089 Almogavar the Carver (level 11, -1/94 HPs)
             Began as a Hill Orc Fighter on Apr 26, 2021.
             Was an Elder of Makhleb.
             Slain by an ettin
             ... wielding a +0 dire flail
              (16 damage)
             ... on level 9 of the Dungeon.
             The game lasted 00:30:39 (11417 turns).

Almogavar the Carver (Hill Orc Fighter)            Turns: 11417, Time: 00:30:40

Health: -1/94      AC: 13    Str: 23    XL:     11   Next: 25%
Magic:  11/11      EV: 12    Int: 14    God:    Makhleb [****..]
Gold:   644        SH: 11    Dex: 10    Spells: 10/10 levels left

rFire    + . .     SeeInvis .   I - +4 long sword
rCold    x . .     Faith    .   c - +0 kite shield
rNeg     + . .     Spirit   .   i - +0 chain mail
rPois    +         Reflect  .   (no helmet)
rElec    .         Harm     .   D - +0 cloak
rCorr    .         Rampage  .   w - +0 pair of gloves
Will     .....                  (no boots)
Stlth    ..........             H - amulet of regeneration
HPRegen  0.65/turn              t - +6 ring of intelligence
MPRegen  0.12/turn              b - ring of Ciexa {rPois rF+ rC- rN+ EV+4}

@: mighty
A: no striking features
a: Renounce Religion, Minor Destruction, Lesser Servant of Makhleb, Major
Destruction


You were on level 9 of the Dungeon.
You worshipped Makhleb.
Makhleb was greatly pleased with you.
You visited 2 branches of the dungeon, and saw 11 of its levels.

You collected 644 gold pieces.

Inventory:

Hand Weapons
 u - a +3 morningstar of protection
 I - a +4 long sword (weapon)
Missiles
 j - 74 poisoned darts (quivered)
 q - 6 javelins
 v - 11 boomerangs
Armour
 c - a +0 kite shield (worn)
 h - a scarf of resistance
 i - a +0 chain mail (worn)
 w - a +0 pair of gloves (worn)
 z - a +0 plate armour
 D - a +0 cloak (worn)
Jewellery
 b - the ring of Ciexa (right hand) {rPois rF+ rC- rN+ EV+4}
   (You acquired it on level 8 of the Dungeon)

   [ring of evasion]

   It affects your evasion (+4).
   It protects you from fire.
   It makes you vulnerable to cold.
   It protects you from poison.
   It protects you from negative energy.
 p - an uncursed amulet of reflection
 t - a +6 ring of intelligence (left hand)
 C - an uncursed ring of willpower
 H - an amulet of regeneration (around neck)
 K - a +4 ring of slaying {unknown}
Wands
 e - a wand of random effects (13)
 l - a wand of polymorph (23)
 o - a wand of acid (19)
 r - a wand of flame (26)
 y - a wand of iceblast (24)
 B - a wand of enslavement (12)
 E - a wand of paralysis (7)
Scrolls
 g - 6 scrolls of remove curse
 m - 6 scrolls of teleportation
 n - 3 scrolls of enchant weapon
 s - 3 scrolls of amnesia
 x - 3 scrolls of fog
 A - a scroll of blinking {unknown}
 F - a scroll of magic mapping
 G - a scroll of enchant armour
Potions
 a - a potion of brilliance {unknown}
 d - a potion of might
 f - 7 potions of curing
 k - 4 potions of heal wounds
 J - a potion of resistance


   Skills:
 + Level 7.9 Fighting
 + Level 11.1 Long Blades
 + Level 3.8 Throwing
 + Level 8.3 Armour
 + Level 3.5 Dodging
 + Level 1.9 Stealth
 + Level 9.4 Shields


You had 10 spell levels left.
You didn't know any spells.
Your spell library contained the following spells:

 Spells                   Type           Power        Failure   Level
 Magic Dart               Conj           0%           98%         1
 Blink                    Tloc           N/A          99%         2
 Searing Ray              Conj           0%           99%         2
 Dazzling Flash           Conj/Hex       0%           100%        3
 Gell's Gravitas          Tloc           0%           100%        3
 Lesser Beckoning         Tloc           0%           100%        3
 Teleport Other           Tloc           0%           100%        3
 Fulminant Prism          Conj/Hex       0%           100%        4
 Iskenderun's Mystic Bla  Conj/Tloc      0%           100%        4
 Passage of Golubria      Tloc           N/A          100%        4
 Bolt of Magma            Conj/Fire/Erth 0%           100%        5
 Iskenderun's Battlesphe  Conj           0%           100%        5
 Iron Shot                Conj/Erth      0%           100%        6
 Orb of Destruction       Conj           0%           100%        7
 Spellforged Servitor     Conj/Summ      0%           100%        7


Dungeon Overview and Level Annotations

Branches:
Dungeon (10/15)            Temple (0/1) D:4            Lair (0/6) D:8
    Orc (1/2) D:9

Altars:
Gozag
Hepliaklqana
Makhleb
Nemelex Xobeh
Okawaru
Sif Muna
Uskayaw
The Shining One

Shops:
D:4 :   D:5 [   D:7 }

Annotations:
Orc:1 Gastronok


Message History

You hit the ettin.
The ettin is heavily wounded.
The ettin hits you with a +0 dire flail.
The ettin hits you with a +0 dire flail!
* * * LOW HITPOINT WARNING * * *
Your chain mail prevents you from hitting the ettin.
The ettin is heavily wounded.
The ettin barely misses you. The ettin misses you.
You slash the ettin!
The ettin is severely wounded.
The ettin barely misses you.
You riposte.
You hit the ettin.
The ettin is severely wounded.
The ettin hits you with a +0 dire flail.
* * * LOW HITPOINT WARNING * * *
You barely miss the ettin.
The ettin is severely wounded.
Your chain mail prevents you from hitting the ettin.
The ettin is severely wounded.
The ettin hits you with a +0 dire flail!
You die...

....# #............# #..# #..#
##.(# #............# #..# #..#
##..# #............# #..# #..#
##..# #............#####..# #..#
##..# #..........).)......# #..#
##..# #...........<)......# #..#
##..# #.......#####).)....# #..#
##..###.......#...#..[....# #..#
##............#.@[#.[[....####..#
##.......###..#.C.#.....[........
##.......# #..##'##..............
##.......# #.##8.8##..[.)[.......
##.......# ###....###...))..<....
##.......# ####...####...........
##.......###.......#.##..)[).....
.)[).....##.#........###.........
>.......##...........#.##........


You could see an ettin.

Vanquished Creatures
  Maurice (D:8)
  A troll (D:10)
  Prince Ribbit (D:8)
  2 wyverns
  A spriggan (D:8)
  6 yaks (D:8)
  Sigmund (D:4)
  5 orc warriors
  An eye of draining (D:9)
  8 ice beasts
  4 phantoms
  3 sky beasts
  7 ogres
  3 centaurs
  2 big kobolds
  8 bullfrogs
  2 scorpions (D:9)
  4 wights (D:9)
  5 killer bees
  7 howler monkeys
  A bullfrog zombie (D:8)
  7 orc priests
  A centaur zombie (D:8)
  3 jellies
  4 centaur skeletons
  4 hounds
  13 orc wizards
  Ijyb (D:3)
  2 iguanas
  6 worker ants
  2 hound zombies
  A hound skeleton (D:8)
  5 adders
  3 gnolls (D:3)
  A howler monkey skeleton (D:7)
  3 shadow imps (D:10)
  4 white imps
  An ufetubus (D:5)
  An ooze (D:1)
  An adder zombie (D:6)
  2 dart slugs
  A leopard gecko (D:3)
  43 orcs
  A ball python (D:4)
  7 giant cockroaches
  8 goblins
  5 hobgoblins
  13 jackals
  13 kobolds
  5 quokkas
  3 bats
  6 frilled lizards
  8 rats
251 creatures vanquished.

Notes
Turn   | Place    | Note
-------+----------+-------------------------------------------
     0 | D:1      | Almogavar the Hill Orc Fighter began the quest for the Orb.
     0 | D:1      | Reached XP level 1. HP: 19/19 MP: 1/1
   140 | D:1      | Reached XP level 2. HP: 26/26 MP: 2/2
   675 | D:1      | Reached XP level 3. HP: 33/33 MP: 3/3
  1313 | D:2      | Noticed an ice beast
  1326 | D:2      | Killed an ice beast
  1327 | D:2      | Reached skill level 3 in Long Blades
  1327 | D:2      | Reached XP level 4. HP: 41/41 MP: 4/4
  1327 | D:2      | Reached XP level 5. HP: 47/47 MP: 5/5
  1496 | D:2      | Found a hazy altar of Hepliaklqana.
  1904 | D:3      | Noticed Ijyb
  1917 | D:3      | Killed Ijyb
  2213 | D:3      | Reached skill level 4 in Long Blades
  2213 | D:3      | Reached XP level 6. HP: 36/53 MP: 6/6
  2388 | D:3      | Reached skill level 1 in Stealth
  2602 | D:3      | Found an opulent altar of Gozag.
  2701 | D:3      | Found a burning altar of Makhleb.
  2715 | D:3      | Became a worshipper of Makhleb the Destroyer
  3175 | D:3      | Noticed a +0 dagger
  3175 | D:3      | Noticed a +0 hand axe
  3178 | D:3      | Found a hide-covered altar of Uskayaw.
  3405 | D:4      | Found a staircase to the Ecumenical Temple.
  3461 | D:4      | Reached skill level 1 in Dodging
  3606 | D:4      | Noticed Sigmund
  3624 | D:4      | Killed Sigmund
  3625 | D:4      | Reached skill level 5 in Shields
  3625 | D:4      | Reached XP level 7. HP: 58/60 MP: 7/7
  3637 | D:4      | Found Tyzies's Book Shoppe.
  3830 | D:5      | Entered Level 5 of the Dungeon
  3941 | D:5      | Reached skill level 5 in Long Blades
  4055 | D:5      | Reached skill level 5 in Fighting
  4055 | D:5      | Reached skill level 1 in Throwing
  4129 | D:5      | Reached XP level 8. HP: 45/68 MP: 8/8
  4447 | D:5      | Reached * piety under Makhleb
  4537 | D:5      | Reached skill level 6 in Long Blades
  4537 | D:5      | Reached skill level 5 in Armour
  4785 | D:5      | Found Bayfauwa's Armour Emporium.
  5324 | D:6      | Found a shimmering blue altar of Sif Muna.
  5555 | D:6      | Found an iron altar of Okawaru.
  5664 | D:6      | Found a burning altar of Makhleb.
  5686 | D:6      | Reached skill level 7 in Long Blades
  6047 | D:6      | You fall into a shaft and drop 2 floors!
  6047 | D:8      | Noticed Maurice
  6084 | D:8      | Reached XP level 9. HP: 34/75 MP: 9/9
  6354 | D:8      | Noticed Prince Ribbit
  6372 | D:8      | Killed Prince Ribbit
  6376 | D:8      | Reached skill level 8 in Long Blades
  6380 | D:8      | Killed Maurice
  6455 | D:8      | Identified a scroll of acquirement
  6456 | D:8      | Acquired the ring of Ciexa {rPois rF+ rC- rN+ EV+4}
  6487 | D:8      | Reached ** piety under Makhleb
  7654 | D:7      | Found Fupsuh's Gadget Shop.
  7778 | D:7      | Reached skill level 9 in Long Blades
  8092 | D:8      | Reached XP level 10. HP: 79/86 MP: 10/10
  8208 | D:8      | Found a staircase to the Lair.
  8388 | D:8      | Found a glowing golden altar of the Shining One.
  8967 | D:8      | Reached skill level 10 in Long Blades
  9258 | D:9      | Reached *** piety under Makhleb
  9736 | D:9      | Reached **** piety under Makhleb
  9866 | D:9      | Found a staircase to the Orcish Mines.
 10459 | D:10     | Entered Level 10 of the Dungeon
 10464 | D:10     | Reached XP level 11. HP: 94/94 MP: 11/11
 10755 | D:10     | Reached skill level 11 in Long Blades
 10787 | D:10     | Found a sparkling altar of Nemelex Xobeh.
 11288 | Orc:1    | Entered Level 1 of the Orcish Mines
 11288 | Orc:1    | Noticed an ettin
 11294 | Orc:1    | Noticed Gastronok
 11417 | D:9      | Slain by an ettin

Illustrated notes

Levels and vault maps discovered:
D:1:      dpeg_arrival_prison, layout_basic
D:2:      layout_loops_ring, nzn_hepliaklqana_mist_gate
D:3:      layout_basic, general_overflow_altar, dancing_weapons_uskayaw,
          makhleb_heckhound_becter, uniq_ijyb
D:4:      layout_cave_pools, minmay_temple_entry_offerings, serial_shops, shop,
          chequers_garden, uniq_sigmund
D:5:      layout_basic, serial_shops, nicolae_shop_trees
D:6:      layout_loops_ring, nicolae_overflow_crystal_walls,
          overflow_temple_1_default, led_sif_book
D:7:      kb_forest_paths, layout_loops_corners, serial_shops,
          nicolae_shop_behind_doors
D:8:      layout_basic, kennysheep_mini_moat, lair_entry_dummy,
          minmay_misc_feat_chi, the_bakery, uniq_prince_ribbit1, uniq_maurice
D:9:      layout_long_grid, hiddenorc1_lemuel
D:10:     layout_loops_ring, basic_altar
Orc:1:    layout_caves, nicolae_orc_crystal_geode, uniq_gastronok

Skill      XL: |  1  2  3  4  5  6  7  8  9 10 11 |
---------------+----------------------------------+-----
Shields        | 4 5 6 8 9 |  9.4
Fighting       | 4 5 7 |  7.9
Long Blades    | 3 4 5 7 9 10 11 | 11.1
Armour         | 4 5 6 7 8 |  8.3
Stealth        | 1 |  1.9
Dodging        | 1 2 3 |  3.5
Throwing       | 1 2 3 |  3.8

Action                   |  1- 3 |  4- 6 |  7- 9 | 10-12 || total
-------------------------+-------+-------+-------+-------++-------
Melee: Long sword        |   125 |   136 |   391 |   468 ||  1120
Throw: Dart              |       |    11 |    30 |    89 ||   130
       Boomerang         |       |       |    15 |       ||    15
  Use: Scroll            |       |     8 |     8 |     4 ||    20
       Potion            |       |       |     1 |     3 ||     4
Armor: Scale mail        |    72 |    42 |    67 |       ||   181
       Chain mail        |       |       |    34 |   131 ||   165
Dodge: Dodged            |    55 |    45 |    80 |   140 ||   320
Block: Kite shield       |    92 |   123 |   250 |   255 ||   720
       Reflection        |       |     8 |     5 |     4 ||    17
       Rpst.: Long sword |    13 |    12 |    28 |    43 ||    96
